 Dungeon Crawl Stone Soup version 0.31-a0-845-g9abc20d24f (webtiles) character file.

Game seed: 8262768761943383595

152 Kurtz the Chopper (level 5, -17/36 HPs)
             Began as an Octopode Fighter on Oct 2, 2023.
             Demolished by Menkaure (19 damage)
             ... on level 4 of the Dungeon.
             The game lasted 00:01:38 (1898 turns).

Kurtz the Chopper (Octopode Fighter)                Turns: 1898, Time: 00:01:39

Health: -17/36     AC:  1    Str: 15    XL:     5   Next: 34%
Magic:  5/5        EV: 13    Int: 10    God:
Gold:   154        SH:  5    Dex: 14    Spells: 4/4 levels left

rFire   . . .        a - +0 war axe
rCold   . . .        b - +0 buckler
rNeg    . . .        (helmet restricted)
rPois   .            g - amulet of the acrobat
rElec   .            f - +4 ring of slaying
rCorr   .            (no ring)
SInv    .            (no ring)
Will    .....        (no ring)
Stlth   ++           (no ring)
HPRegen 0.26/turn    (no ring)
MPRegen 0.09/turn    (no ring)
                     (no ring)

%: acrobat
@: no status effects
A: almost no armour, amphibious, 8 rings, camouflage 1, gelatinous body 1,
(nimble swimmer 1), tentacles
a: no special abilities


You were on level 4 of the Dungeon.
You visited 1 branch of the dungeon, and saw 4 of its levels.

You collected 154 gold pieces.

Inventory:

Hand Weapons
 a - a +0 war axe (weapon)
Armour
 b - a +0 buckler (worn)
Jewellery
 f - a +4 ring of slaying (left tentacle)
 g - an amulet of the acrobat (around mantle)
 l - an amulet of faith
Scrolls
 e - 3 scrolls of teleportation {unknown}
 h - 10 scrolls of identify {unknown}
 j - 2 scrolls of fear {unknown}
 o - 3 scrolls of brand weapon {unknown}
Potions
 c - a potion of might
 d - 2 potions of heal wounds {unknown}
 i - a potion of lignification {unknown}
 k - 3 potions of enlightenment {unknown}
 m - a potion of invisibility {unknown}
 n - a potion of curing {unknown}


   Skills:
 - Level 3.0 Fighting
 * Level 5.4 Axes
 - Level 3.0 Dodging
 - Level 3.0 Shields


You had 4 spell levels left.
You didn't know any spells.
Your spell library contained the following spells:

 Spells                   Type           Power      Damage    Failure   Level
 Shock                    Conj/Air       0%         1d3       45%         1
 Swiftness                Air            0%         N/A       83%         3
 Airstrike                Air            0%         2d(0-16)  99%         4


Dungeon Overview and Level Annotations

Branches:
Dungeon (4/15)
 Temple: D:4-7

Altars:

Shops:
D:4 (

Annotations:
D:4 Menkaure


Innate Abilities, Weirdness & Mutations

You cannot wear most types of armour.
You are amphibious.
You can wear up to eight rings at the same time.
Your skin changes colour to match your surroundings (Stealth+).
Your rubbery body absorbs attacks. (AC +1, EV +1)
((You are camouflaged when in or above water. (Stealth+)))
You have tentacles for arms and can constrict up to eight enemies at once.


Message History

There is a stone staircase leading down here.
You climb downwards.
Found 13 gold pieces.
There is a stone staircase leading up here.
No target in view!
You now have 154 gold pieces (gained 13).
A worm comes into view.
The worm misses you.
A worm is nearby!
You slash the worm! You grab the worm.
The worm is heavily wounded.
You constrict the worm.
A worm is nearby!
You slash the worm!
You kill the worm!
No target in view!
h - 10 scrolls labelled ESEURGHO IGUNKI (gained 1)
Found Ceosipp's Antique Weapon Emporium.
No target in view!
There is an entrance to Ceosipp's Antique Weapon Emporium here.
You can access your shopping list by pressing '$'.
Menkaure, Prince of Dust comes into view.
Menkaure shouts!
You start waiting.
Menkaure is nearby!
Menkaure casts a spell at you. Pain shoots through your body!
You slash Menkaure! Your grab misses Menkaure.
Menkaure is heavily damaged.
Menkaure hits you!!
Ouch! That really hurt!
* * * LOW HITPOINT WARNING * * *
You are too injured to fight recklessly!
You are too injured to fight recklessly!
You hit Menkaure. You grab Menkaure.
Menkaure is heavily damaged.
You constrict Menkaure, but do no damage.
Menkaure hits you!!
Ouch! That really hurt!
You die...

### ### #.. ..# #.#
#.# #.#####.#
#############.##.##.##
#....@........#.......
#.##M###.####.......##
#.# #.# #.#...#.# #.#
#.# #∩##.##.# #.# #.#
#.......# #.# #.#
####.#### #.# #.# #+#
... ..# ... ..#


You could see Menkaure.

Vanquished Creatures
  2 orc wizards (D:3)
  2 adders
  A white imp (D:3)
  2 worms
  3 orcs (D:3)
  5 endoplasms
  2 giant cockroaches (D:1)
  5 hobgoblins
  4 quokkas
  7 ball pythons
  7 bats
  5 frilled lizards
  7 goblins
  9 kobolds
  5 rats
66 creatures vanquished.

Notes
Turn   | Place    | Note
-------+----------+-------------------------------------------
     0 | D:1      | Kurtz the Octopode Fighter began the quest for the Orb.
     0 | D:1      | Reached XP level 1. HP: 16/16 MP: 1/1
    59 | D:1      | Reached XP level 2. HP: 21/21 MP: 2/2
   173 | D:1      | Reached skill level 3 in Axes
   358 | D:1      | Reached XP level 3. HP: 26/26 MP: 3/3
   685 | D:2      | Reached skill level 4 in Axes
   904 | D:2      | Reached XP level 4. HP: 31/31 MP: 4/4
  1585 | D:3      | Reached skill level 5 in Axes
  1585 | D:3      | Reached XP level 5. HP: 36/36 MP: 5/5
  1868 | D:4      | Found Ceosipp's Antique Weapon Emporium.
  1887 | D:4      | Noticed Menkaure
  1897 | D:4      | HP: 1/36 [Menkaure (21)]
  1898 | D:4      | Demolished by Menkaure

Illustrated notes

Levels and vault maps discovered:
D:1:      dpeg_arrival_windows_large_door, layout_basic, columned_hall_lemuel
D:2:      layout_rooms, minmay_misc_feat_ornament, minmay_door_square,
          minivault_23, serial_park_tiny_1, minmay_ruptured
D:3:      layout_basic, nicolae_figureground_sparkle
D:4:      layout_loops_corners, nicolae_overflow_two_pavilions,
          minmay_temple_entry_slanted, serial_shops, shop, shop,
          nicolae_shop_tiny_real_fake_doors, shop, shop, serial_undead,
          serial_undead_e, serial_undead_d, serial_undead_e, serial_undead_f,
          uniq_ijyb, uniq_menkaure

Skill      XL: |  1  2  3  4 |
---------------+-------------+-----
Axes           | 3 4 5 |  5.4
Fighting       | |  3.0
Dodging        | |  3.0
Shields        | |  3.0

Action                     |  1- 3 |  4- 6 || total
---------------------------+-------+-------++-------
  Melee: War axe           |    54 |    35 ||    89
         Constrict         |    15 |     7 ||    22
         Tentacles         |     7 |     2 ||     9
   Stab: Sleeping          |     9 |     7 ||    16
 Armour: Skin              |     7 |    12 ||    19
  Dodge: Dodged            |    23 |    15 ||    38
  Block: Buckler           |     4 |     4 ||     8

Table legend: (Time is in decaauts)
 A = Elapsed time spent in this place.
 B = Non-inter-level travel time spent in this place.
 C = Inter-level travel time spent in this place.
 D = Time resting spent in this place.
 E = Time spent auto-exploring this place.
 F = Levels seen in this place.
 G = Mean time per level.
                   A        B        C        D        E       F      G
               +--------+--------+--------+--------+--------+-----+--------+
         Total |   1927 |   1849 |     78 |      7 |   1482 |   4 |  481.8 |
       Dungeon |   1927 |   1849 |     78 |      7 |   1482 |   4 |  481.8 |
               +--------+--------+--------+--------+--------+-----+--------+

Top non-repeatable levels by time:
     D:3: 738 daAuts
     D:2: 619 daAuts
     D:1: 515 daAuts
     D:4: 53 daAuts
